 Dungeon Crawl Stone Soup version 0.28.0-53-g5a82cb258f (webtiles) character file.

Game seed: 4001362000567079111

17505 LustLizard the Cleaver (level 12, -10/159 HPs)
             Began as a Minotaur Berserker on July 16, 2022.
             Was the Champion of Trog.
             Mangled by an orc knight
             ... wielding a +0 great mace
              (22 damage)
             ... on level 10 of the Dungeon.
             The game lasted 00:25:53 (12065 turns).

LustLizard the Cleaver (Minotaur Berserker)        Turns: 12065, Time: 00:25:53

Health: -10/159    AC: 13    Str: 29    XL:     12   Next: 19%
Magic:  11/11      EV:  8    Int:  4    God:    Trog [******]
Gold:   778        SH:  0    Dex: 16    Spells: 11/11 levels left

rFire   + . .      SeeInvis +   P - +8 war axe "Deapat" {spect, Contam rF+ Str+2 Dex+4}
rCold   . . .      Faith    .   (no shield)
rNeg    . . .      Spirit   .   v - +0 plate armour
rPois   .          Reflect  .   (helmet restricted)
rElec   .          Harm     .   m - +0 cloak
rCorr   .          Rampage  .   (no gloves)
Will    .....                   (no boots)
Stlth   ..........              t - amulet of regeneration
HPRegen 1.16/turn               z - ring of see invisible
MPRegen 0.12/turn               (no ring)

@: berserking, very quick
A: horns 2, retaliatory headbutt, see invisible, shaggy fur 1, strong 1
a: Renounce Religion, Berserk, Trog's Hand, Brothers in Arms


You were on level 10 of the Dungeon.
You worshipped Trog.
Trog was exalted by your worship.
You visited 2 branches of the dungeon, and saw 11 of its levels.
You also visited: Ossuary.

You collected 778 gold pieces.

Inventory:

Hand Weapons
 a - a +0 hand axe
 n - a +1 mace of protection
 x - a +2 whip of freezing
 L - the +8 woodcutter's axe {vorpal}
   (You found it on level 7 of the Dungeon)

   It inflicts extra damage upon your enemies.
 P - the +8 war axe "Deapat" (weapon) {spect, Contam rF+ Str+2 Dex+4}
   (You took it off a centaur on level 9 of the Dungeon)

   When its wielder attacks, the weapon's spirit leaps out and strikes again.
   The spirit shares a part of any damage it takes with its wielder.
   Str:       It affects your strength (+2).
   Dex:       It affects your dexterity (+4).
   rF:        It protects you from fire.
   Contam:    It causes magical contamination when unequipped.
Missiles
 d - 177 stones (quivered)
 o - 13 boomerangs
 s - 32 poisoned darts
 K - 4 throwing nets
Armour
 b - a +0 animal skin
 k - a +0 ring mail
 m - a +0 cloak (worn)
 v - a +0 plate armour (worn)
Jewellery
 t - an amulet of regeneration (around neck)
 z - a ring of see invisible (left hand)
Wands
 j - a wand of paralysis (21)
 r - a wand of iceblast (15)
 w - a wand of polymorph (5)
 N - a wand of flame (18)
 Q - a wand of digging (2)
Scrolls
 c - 3 scrolls of magic mapping
 f - 3 scrolls of holy word
 i - 8 scrolls of teleportation {unknown}
 l - 4 scrolls of vulnerability
 y - 2 scrolls of enchant armour {unknown}
 A - 2 scrolls of noise
 C - 3 scrolls of immolation
 D - a scroll of fog
 E - 2 scrolls of amnesia
 H - 2 scrolls of blinking
 M - 2 scrolls of torment {unknown}
 O - a scroll of summoning {unknown}
Potions
 e - 4 potions of flight
 g - 2 potions of mutation
 h - a potion of haste
 p - 2 potions of might
 q - 4 potions of degeneration
 u - a potion of cancellation
 B - 2 potions of lignification
 F - 2 potions of magic
 G - 2 potions of curing
 I - a potion of heal wounds {unknown}
 J - a potion of ambrosia {unknown}


   Skills:
 + Level 9.9 Fighting
 * Level 13.3 Axes
 * Level 10.9 Throwing
 - Level 2.4 Armour
 - Level 2.1 Dodging
 * Level 9.9 Evocations


You had 11 spell levels left.
You didn't know any spells.
Your spell library was empty.

Dungeon Overview and Level Annotations

Branches:
Dungeon (10/15)            Temple (0/1) D:7            Lair (0/6) D:9
    Orc (1/2) D:10        Ossuary (visited)

Altars:
Dithmenos
Hepliaklqana
Kikubaaqudgha
Sif Muna
Vehumet
Xom

Shops:
D:5 [   D:7 (   D:9 *


Innate Abilities, Weirdness & Mutations

You have a pair of horns on your head.
You reflexively headbutt those who attack you in melee.
You have supernaturally acute eyesight. (SInv)
You are covered in fur. (AC +1)
Your muscles are strong. (Str +2)


Message History

a +0 short sword; a +0 chain mail You start resting.
HP restored.
There is a staircase to the Orcish Mines, spattered with blood here.
You climb downwards.
Welcome back to the Orcish Mines!
The orc warlord roars a battlecry!
The orcs go into a battle-frenzy!
An orc warrior comes into view. It is wielding a +1 glaive of venom.
The orc warrior hits you from afar with a +0 trident!
The orc knight hits you with a +0 great mace!!
The orc warlord roars a battlecry!
You hear a shout!
There is a staircase back to the Dungeon, spattered with blood here.
The orc warrior closely misses you.
The orc knight hits you with a +0 great mace!!
You climb upwards.
Welcome back to the Dungeon!
There is a staircase to the Orcish Mines, spattered with blood here.
You hit the orc knight but do no damage.
Your headbutt misses the orc knight.
The orc knight hits you but does no damage.
You slice the orc knight!!
You headbutt the orc knight, but do no damage.
The orc knight is moderately wounded.
The orc knight closely misses you. You furiously retaliate!
You headbutt the orc knight, but do no damage.
You closely miss the orc knight.
The orc knight is moderately wounded.
You slice the orc knight!!
You punch the orc knight, but do no damage.
The orc knight is heavily wounded.
The orc knight hits you with a +0 great mace!!!
* * * LOW HITPOINT WARNING * * *
A red film seems to cover your vision as you go berserk!
You feel yourself moving faster!
You feel mighty!
The orc knight hits you with a +0 great mace!
* * * LOW HITPOINT WARNING * * *
You closely miss the orc knight. You headbutt the orc knight!
The orc knight is severely wounded.
The orc knight hits you with a +0 great mace!!
You die...

##.....>.......................#
.................####..........#
.....................)>........#
≈≈≈≈≈≈≈≈≈≈≈≈≈≈≈≈≈≈≈≈.....>.....#
≈≈≈≈≈≈≈≈≈≈≈≈≈≈≈≈≈≈≈≈.####.######
##################≈≈.# #.#
..........(....≈)#≈≈.# #.#
)..............###≈≈.# #.#
).)...8........o@#≈≈.# #.#
).(............###≈≈.# #.#
...............≈)#≈≈.# #.#
##################≈≈.# #.#
≈≈≈≈≈≈≈≈≈≈≈≈≈≈≈≈≈≈≈≈.# ###
≈≈≈≈≈≈≈≈≈≈≈≈≈≈≈≈≈≈≈≈.#
....)................#
#..##...#.#.#<.#.)..##
...####.#.#...#####.#


You could see an orc knight (strong).

Vanquished Creatures
  A hydra (D:9)
  A boulder beetle (D:9)
  5 two-headed ogres
  An orc high priest (Orc:1)
  A tengu warrior (D:9)
  Pikel (D:5)
  A gargoyle (D:10)
  An unseen horror (D:10)
  5 trolls
  A hornet (D:9)
  Grinder (D:5)
  Prince Ribbit (D:9)
  Sigmund (D:5)
  4 wyverns
  5 yaks (D:10)
  A wraith (D:10)
  4 steam dragons
  2 acid dragons
  4 wargs
  A hornet zombie (D:5)
  3 black bears
  4 sky beasts
  2 ogres
  14 orc warriors
  5 centaurs
  2 phantoms
  4 bullfrogs
  A kobold brigand (D:7)
  2 wyvern zombies (Ossuary)
  A scorpion (D:6)
  5 gnoll sergeants
  3 water moccasin zombies (Ossuary)
  8 killer bees
  3 wights (D:5)
  2 howler monkeys (D:9)
  3 electric eels (D:10)
  5 bullfrog zombies (Ossuary)
  9 centaur zombies
  3 gnoll shamans
  4 jellies
  A human zombie (D:6)
  10 orc priests
  Crazy Yiuf (D:2)
  A centaur skeleton (D:5)
  2 hounds (D:5)
  Ijyb (D:3)
  4 iguanas
  9 orc wizards
  3 killer bee zombies
  14 mummies (Ossuary)
  2 howler monkey zombies (Ossuary)
  A howler monkey skeleton (D:6)
  4 adders (D:5)
  10 gnolls
  2 white imps (D:7)
  3 ufetubi
  An adder skeleton (D:4)
  2 worms
  A dart slug (D:3)
  47 orcs
  6 ball pythons
  2 bats (D:2)
  12 endoplasms
  2 giant cockroaches
  6 goblins
  8 hobgoblins
  3 jackals (D:4)
  19 kobolds
  2 quokkas
  2 frilled lizards (D:2)
  3 rats
309 creatures vanquished.

Vanquished Creatures (others)
  An orc (D:8)
  3 fungi (D:3)
  2 plants (D:9)
  14 toadstools
  4 withered plants (Ossuary)
24 creatures vanquished.

Grand Total: 333 creatures vanquished

Notes
Turn   | Place    | Note
-------+----------+-------------------------------------------
     0 | D:1      | LustLizard the Minotaur Berserker began the quest for the
                  | Orb.
     0 | D:1      | Reached XP level 1. HP: 19/19 MP: 0/0
   654 | D:1      | Reached skill level 4 in Axes
   654 | D:1      | Reached XP level 2. HP: 27/27 MP: 1/1
   719 | D:1      | Found a faded altar of an unknown god.
   813 | D:1      | Reached skill level 1 in Throwing
  1389 | D:2      | Reached ** piety under Trog
  1396 | D:2      | Reached XP level 3. HP: 33/33 MP: 2/2
  1821 | D:2      | Found a runed translucent door.
  1822 | D:2      | Noticed Crazy Yiuf
  2046 | D:2      | Killed Crazy Yiuf
  2258 | D:3      | Reached XP level 4. HP: 37/40 MP: 3/3
  2479 | D:3      | Reached skill level 1 in Evocations
  2878 | D:3      | Noticed Ijyb
  2891 | D:3      | Killed Ijyb
  2983 | D:3      | Reached XP level 5. HP: 46/46 MP: 4/4
  3022 | D:3      | Reached skill level 5 in Axes
  3501 | D:4      | Noticed a phantom
  3517 | D:4      | Killed a phantom
  3518 | D:4      | Reached XP level 6. HP: 47/53 MP: 5/5
  3651 | D:4      | Found a shadowy altar of Dithmenos.
  4232 | D:5      | Entered Level 5 of the Dungeon
  4554 | D:5      | Reached skill level 6 in Axes
  4591 | D:5      | Reached skill level 5 in Fighting
  4591 | D:5      | Reached XP level 7. HP: 40/60 MP: 6/6
  4704 | D:5      | Noticed Pikel
  4719 | D:5      | Killed Pikel
  4720 | D:5      | Reached skill level 7 in Axes
  4720 | D:5      | Reached XP level 8. HP: 69/69 MP: 7/7
  4913 | D:5      | Noticed Sigmund
  4929 | D:5      | Gained mutation: You are covered in fur. (AC +1) [potion of
                  | mutation]
  4929 | D:5      | Gained mutation: Your muscles are strong. (Str +2) [potion
                  | of mutation]
  4929 | D:5      | Gained mutation: You have supernaturally acute eyesight.
                  | (SInv) [potion of mutation]
  4932 | D:5      | Killed Sigmund
  4933 | D:5      | Reached skill level 5 in Throwing
  5308 | D:5      | Reached *** piety under Trog
  5540 | D:5      | Found a radiant altar of Vehumet.
  5651 | D:5      | Reached skill level 8 in Axes
  5660 | D:5      | Reached skill level 5 in Evocations
  5715 | D:5      | Found Vueddarph's Armour Shoppe.
  5986 | D:5      | Noticed Grinder
  6003 | D:5      | Killed Grinder
  6039 | D:5      | Reached XP level 9. HP: 78/78 MP: 8/8
  6567 | D:6      | Found a sand-covered staircase.
  6576 | Ossuary  | Entered an ossuary
  6684 | Ossuary  | Reached skill level 9 in Axes
  6847 | Ossuary  | Reached **** piety under Trog
  7923 | D:7      | Reached skill level 10 in Axes
  7975 | D:7      | Reached XP level 10. HP: 84/86 MP: 9/9
  8057 | D:7      | Found a staircase to the Ecumenical Temple.
  8131 | D:7      | Found a shimmering blue altar of Sif Muna.
  8275 | D:7      | Found Taggum's Antique Weapon Emporium.
  8729 | D:7      | Found the +8 woodcutter's axe {vorpal}
  8790 | D:8      | Noticed a two-headed ogre
  8922 | D:8      | Reached ***** piety under Trog
  9061 | D:8      | Found a hazy altar of Hepliaklqana.
  9368 | D:8      | Killed a two-headed ogre
  9369 | D:8      | Reached skill level 11 in Axes
  9623 | D:9      | Paralysed by a hornet for 2 turns
  9665 | D:9      | Noticed Prince Ribbit
  9670 | D:9      | Killed Prince Ribbit
  9767 | D:9      | Found a staircase to the Lair.
  9989 | D:9      | Noticed a two-headed ogre
 10024 | D:9      | Killed a two-headed ogre
 10025 | D:9      | Reached XP level 11. HP: 95/95 MP: 10/10
 10116 | D:9      | Found Paschean's General Store.
 10274 | D:9      | Found an ancient bone altar of Kikubaaqudgha.
 10274 | D:9      | Found a shimmering altar of Xom.
 10309 | D:9      | Noticed a four-headed hydra
 10467 | D:9      | Killed a four-headed hydra
 10558 | D:9      | Noticed a boulder beetle
 10571 | D:9      | Killed a boulder beetle
 10572 | D:9      | Reached skill level 12 in Axes
 10669 | D:9      | Noticed a tengu warrior
 10675 | D:9      | Noticed a two-headed ogre
 10676 | D:9      | Killed a tengu warrior
 10705 | D:9      | Killed a two-headed ogre
 10750 | D:9      | Identified the +8 war axe "Deapat" {spect, Contam rF+ Str+2
                  | Dex+4}
 10753 | D:9      | Identified the +7 falchion of the Blue Skies {speed, rF+}
 10912 | D:10     | Entered Level 10 of the Dungeon
 10963 | D:10     | Reached skill level 10 in Throwing
 10978 | D:10     | Noticed a two-headed ogre
 11145 | D:10     | Killed a two-headed ogre
 11444 | D:10     | Noticed a two-headed ogre
 11453 | D:10     | Killed a two-headed ogre
 11454 | D:10     | Reached skill level 13 in Axes
 11734 | D:10     | Reached XP level 12. HP: 106/106 MP: 11/11
 11817 | D:10     | Found a staircase to the Orcish Mines.
 11834 | Orc:1    | Entered Level 1 of the Orcish Mines
 11897 | Orc:1    | Reached ****** piety under Trog
 11900 | Orc:1    | Noticed an orc high priest
 11908 | Orc:1    | Killed an orc high priest
 12008 | Orc:1    | Noticed an orc warlord
 12065 | D:10     | Mangled by an orc knight

Illustrated notes

Levels and vault maps discovered:
D:1:      lightli_arrival_statue_moat, layout_loops_ring,
          shapermc_ecumenical_altar_mp_highgroup, minivault_5
D:2:      layout_loops_cross, uniq_crazy_yiuf_cottage
D:3:      cheibrodos_fertilizer, layout_loops_ring, uniq_ijyb
D:4:      layout_cave_pods, grunt_dithmenos_smoke_and_mirrors,
          minmay_misc_feat_room
D:5:      minmay_evil_eye, layout_layer_cave, nicolae_overflow_hidden_temple,
          serial_shops, nicolae_diamond_shop, grunt_decor_mini_mirrors,
          st_stairs_3, minmay_gold_behind_fungi, serial_bayou_crossing,
          uniq_pikel, uniq_grinder, uniq_sigmund
D:6:      layout_basic, enter_ossuary_3
D:7:      layout_rooms, nicolae_overflow_crystal_walls,
          minmay_temple_entry_drinking_statues, serial_shops,
          nicolae_lakefront_shop, st_stairs_3, pf_guarded_unrand_woodcutter
D:8:      layout_rooms, mainiacjoe_overflow_catwalk
D:9:      layout_roguey, gammafunk_temple_overflow_elements,
          erik_lair_orcish_takeover, serial_shops, nicolae_diamond_shop,
          st_stairs_6, minmay_pinched_square, uniq_prince_ribbit1
D:10:     layout_rooms, erik_orc_2, serial_curves, eino_curves_04,
          eino_curves_03
Orc:1:    layout_caves, special_room [special_room_orc], minmay_orc_barracks

Skill      XL: |  1  2  3  4  5  6  7  8  9 10 11 |
---------------+----------------------------------+-----
Axes           | 4 5 6 7 8 10 11 13 | 13.3
Throwing       | 1 2 3 4 6 7 9 10 | 10.9
Fighting       | 4 5 6 7 8 9 |  9.9
Evocations     | 1 2 3 4 5 6 8 9 |  9.9
Armour         | |  2.4
Dodging        | |  2.1

Action                   |  1- 3 |  4- 6 |  7- 9 | 10-12 || total
-------------------------+-------+-------+-------+-------++-------
Melee: Hand axe          |    69 |       |       |       ||    69
       Headbutt          |     7 |    21 |    77 |    82 ||   187
       Punch             |     2 |     4 |     7 |     6 ||    19
       Mace              |     1 |   147 |    12 |       ||   160
       Unarmed           |       |     2 |     3 |       ||     5
       Whip              |       |       |   323 |   105 ||   428
       War axe           |       |       |       |   254 ||   254
Throw: Stone             |     5 |    23 |   101 |   152 ||   281
       Dart              |       |       |     4 |    23 ||    27
       Boomerang         |       |       |       |    17 ||    17
Invok: Berserk           |     1 |     1 |     3 |     2 ||     7
       Trog's Hand       |       |       |     2 |     1 ||     3
  Use: Potion            |       |       |     1 |       ||     1
       Scroll            |       |       |    15 |     1 ||    16
 Stab: Sleeping          |     1 |       |       |       ||     1
Armor: Animal skin       |     9 |       |       |       ||     9
       Ring mail         |     5 |    94 |       |       ||    99
       Plate armour      |       |    21 |   221 |   187 ||   429
       Skin              |       |       |     1 |       ||     1
Dodge: Dodged            |    50 |    88 |   113 |   125 ||   376
